 Dungeon Crawl Stone Soup version 0.26.1-2-gb8aa6d0cf2 (webtiles) character file.

Game seed: 1358905204573523536

64558 Elvor the Bludgeoner (level 15, -5/97 HPs)
             Began as a Gargoyle Fighter on Feb 22, 2021.
             Was the Champion of Okawaru.
             Slain by an orc knight
             ... wielding a +3 vorpal war axe
              (30 damage)
             ... on level 1 of the Orcish Mines on Feb 23, 2021.
             The game lasted 03:42:43 (17867 turns).

Elvor the Bludgeoner (Gargoyle Fighter)            Turns: 17867, Time: 03:42:43

Health: -5/97      AC: 40    Str: 25    XL:     15   Next: 13%
Magic:  17/17      EV:  8    Int: 10    God:    Okawaru [******]
Gold:   1857       SH: 14    Dex: 12    Spells: 13/14 levels left

rFire    + . .     SeeInvis +   T - +1 flail
rCold    + . .     Faith    .   c - +0 kite shield
rNeg     + + .     Spirit   .   x - +3 plate armour {rN+}
rPois    ∞         Reflect  .   p - +2 hat {SInv}
rElec    +         Harm     .   F - scarf {rC+ rF+}
rCorr    .         Rampage  .   R - +1 pair of gloves {Dex+3}
Will     +....                  E - +2 pair of boots {run}
Stlth    ..........             a - amulet of regeneration
HPRegen  0.66/turn              V - ring of see invisible
MPRegen  0.15/turn              k - +4 ring of protection

@: flying, quick
A: big wings, negative energy resistance 1, electricity resistance, unbreathing,
petrification resistance, miasma immunity, AC +11
a: Stop Flying, Renounce Religion, Heroism, Finesse


You were on level 1 of the Orcish Mines.
You worshipped Okawaru.
Okawaru was exalted by your worship.
You visited 4 branches of the dungeon, and saw 19 of its levels.
You also visited: Volcano.

You collected 2071 gold pieces.
You spent 214 gold pieces at shops.

Inventory:

Hand Weapons
 m - a +0 morningstar
 T - a +1 flail (weapon)
Missiles
 l - 17 boomerangs
 u - 5 silver boomerangs
 B - 29 poisoned darts (quivered)
Armour
 c - a +0 kite shield (worn)
 g - a +2 robe of willpower
 p - a +2 hat of see invisible (worn)
 t - a +2 robe of positive energy
 v - the +1 scale mail of Daffodils {rF+ Will+ Dex-5 Slay+3}
   (Okawaru gifted it to you on level 1 of the Orcish Mines)

   It affects your dexterity (-5).
   It affects your accuracy and damage with ranged weapons and melee attacks
   (+3).
   It protects you from fire.
   It affects your willpower, your defense against some magical effects.
 x - a +3 plate armour of positive energy (worn)
 E - a +2 pair of boots of running (worn)
 F - a scarf of resistance (worn)
 R - a +1 pair of gloves of dexterity (worn)
Jewellery
 a - an amulet of regeneration (around neck)
 k - a +4 ring of protection (right hand)
 V - a ring of see invisible (left hand)
Wands
 r - a wand of iceblast (8)
 y - a wand of polymorph (53)
 J - a wand of paralysis (18)
 M - a wand of acid (8)
 W - a wand of digging (5)
Scrolls
 h - a scroll of magic mapping {unknown}
 i - 5 scrolls of immolation
 n - 8 scrolls of remove curse
 o - 3 scrolls of fear
 s - 8 scrolls of teleportation
 z - a scroll of holy word {unknown}
 C - a scroll of vulnerability {unknown}
 D - 3 scrolls of torment {unknown}
 G - 3 scrolls of fog
 Q - a scroll of random uselessness {unknown}
 Z - 3 scrolls of blinking
Potions
 b - a potion of berserk rage {unknown}
 d - a potion of might
 e - 2 potions of heal wounds
 f - a potion of experience {unknown}
 j - 5 potions of curing
 q - 3 potions of invisibility
 w - 5 potions of lignification
 K - a potion of magic {unknown}
 L - 2 potions of cancellation
 P - 2 potions of ambrosia
 S - 2 potions of brilliance
 X - 3 potions of haste


   Skills:
 * Level 12.6 Fighting
 + Level 15.3 Maces & Flails
 + Level 7.7 Throwing
 + Level 9.9 Armour
 + Level 2.5 Dodging
 + Level 13.8 Shields
 + Level 3.0 Invocations
 + Level 1.4 Evocations


You had 13 spell levels left.
You knew the following spells:

 Your Spells              Type           Power        Failure   Level
a - Apportation           Tloc           0%           99%         1

Your spell library contained the following spells:

 Spells                   Type           Power        Failure   Level
 Animate Skeleton         Necr           0%           99%         1
 Corona                   Hex            0%           99%         1
 Pain                     Necr           0%           99%         1
 Summon Small Mammal      Summ           0%           99%         1
 Vampiric Draining        Necr           0%           100%        3
 Animate Dead             Necr           0%           100%        4
 Agony                    Necr           0%           100%        5


Dungeon Overview and Level Annotations

Branches:
Dungeon (10/15)            Temple (1/1) D:5            Lair (6/6) D:10
  Swamp (0/4) Lair:3       Spider (0/4) Lair:2        Slime (0/5) Lair:6
    Orc (2/2) D:10            Elf (0/3) Orc:2       Volcano (visited)

Altars:
Ashenzari
Cheibriados
Dithmenos
Elyvilon
Fedhas
Gozag
Hepliaklqana
Kikubaaqudgha
Makhleb
Nemelex Xobeh
Okawaru
Qazlal
Ru
Sif Muna
Trog
Uskayaw
Vehumet
Wu Jian
Xom
Yredelemnul
Zin
The Shining One
Beogh
Jiyva

Shops:
D:4 }   D:6 *   D:8 ?   D:9 [

Annotations:
Orc:1 2 transporters, Voldus's ghost, novice OpFi


Innate Abilities, Weirdness & Mutations

You are resistant to torment.
Your stone body is resilient. (AC +11)
You are immune to poison.
Your large and strong wings let you fly indefinitely.
You resist negative energy. (rN+)
You are resistant to electric shocks. (rElec)
You can survive without breathing.
You are immune to petrification.
You are immune to miasma.


Message History

You closely miss the orc warrior.
The orc warrior hits you but does no damage.
You block the orc knight's attack.
You hit the orc warrior.
The orc warrior is lightly wounded.
The orc warrior closely misses you. The orc knight closely misses you.
You sock the orc warrior!
The orc warrior is moderately wounded.
You hit the orc warrior but do no damage.
The orc warrior is moderately wounded.
You block the orc warrior's attack.
The orc knight hits you with a +3 vorpal war axe!
* * * LOW HITPOINT WARNING * * *
x2 You hit the orc warrior but do no damage.
The orc warrior is moderately wounded.
You closely miss the orc warrior.
The orc warrior is moderately wounded.
You block the orc warrior's attack.
The orc knight hits you with a +3 vorpal war axe!!
You die...

##..................##
##.........#......##.##
##......................
##..................#....
###.#......................
##..........#...............
#...........................
###..........o..#.....#...#..
##.#........[@.........##.....
#............)o.....[[).......
##.#................[.........
##.....#......^....##.)......
##...............####.......
##.......#.#.#...##........
##......#.##.#.###......[)
##...........## ##..#..[.
##.##.#..#..## #...#...


You could see an orc knight (strong) and an orc warrior (strong).

Vanquished Creatures
  Gastronok (D:10)
  An orc warlord (Orc:1)
  5 hydras (Lair:6)
  Harold (D:7)
  The ghost of kalagan the Thaumaturge, a journeyman DECj of Sif Muna (Lair:3)
  2 two-headed ogres
  3 catoblepae (Lair:6)
  An orc high priest (Orc:2)
  8 death yaks
  A salamander mystic (Volcano)
  A hell knight (Volcano)
  An obsidian statue (Volcano)
  An unseen horror (D:10)
  A bog body (Lair:3)
  4 lindwurms (Lair:4)
  3 orc knights
  2 oklob plants
  5 orc sorcerers
  A manticore (Lair:6)
  15 elephants
  2 salamanders (Volcano)
  6 black mambas
  3 torpor snails
  9 cane toads
  4 rime drakes
  10 komodo dragons
  A demonic crawler (Lair:5)
  2 trolls
  A hornet (D:10)
  Prince Ribbit (D:8)
  11 blink frogs
  A spriggan (Lair:6)
  6 wyverns
  A tarantella (Lair:2)
  A wraith (D:10)
  2 basilisks
  51 yaks
  4 fire bats (Volcano)
  A steam dragon (D:8)
  2 wargs
  6 swamp worms
  8 water moccasins
  Duvessa (D:7)
  A swamp drake (D:8)
  A sky beast (D:7)
  5 black bears
  An ice beast (D:9)
  26 orc warriors
  4 necrophages
  3 phantoms
  9 ogres
  9 wolves (Lair:6)
  2 centaurs
  11 bullfrogs
  A gnoll sergeant (D:9)
  Dowan (D:7)
  3 scorpions
  13 killer bees
  20 wights
  An electric eel (Lair:3)
  A bullfrog zombie (D:10)
  A centaur zombie (D:5)
  6 lava snakes (Volcano)
  15 orc priests
  A hound (D:4)
  6 jellies
  26 orc wizards
  A bullfrog skeleton (D:4)
  6 iguanas
  Natasha (thrice) (D:1)
  5 worker ants
  2 hound zombies
  11 adders
  14 gnolls
  2 shadow imps (D:5)
  A white imp (D:10)
  2 ufetubi (D:7)
  An adder zombie (D:2)
  2 adder skeletons
  2 worms
  5 dart slugs
  3 leopard geckos
  76 orcs
  2 ball pythons
  3 giant cockroaches
  6 goblins
  11 hobgoblins
  2 jackals (D:10)
  5 quokkas
  9 bats
  6 frilled lizards
  8 kobolds
  A leopard gecko zombie (D:5)
  8 rats
556 creatures vanquished.

Vanquished Creatures (others)
  15 fungi
  28 plants
43 creatures vanquished.

Grand Total: 599 creatures vanquished

Notes
Turn   | Place    | Note
-------+----------+-------------------------------------------
     0 | D:1      | Elvor the Gargoyle Fighter began the quest for the Orb.
     0 | D:1      | Reached XP level 1. HP: 14/14 MP: 1/1
   374 | D:1      | Reached XP level 2. HP: 19/19 MP: 2/2
   667 | D:2      | Noticed Natasha
   696 | D:1      | Killed Natasha
   697 | D:1      | Reached XP level 3. HP: 19/23 MP: 3/3
   713 | D:2      | Reached skill level 3 in Maces & Flails
   732 | D:2      | Reached XP level 4. HP: 23/28 MP: 4/4
  1020 | D:2      | Found an ornate altar of the Wu Jian Council.
  1024 | D:2      | Found a sparkling altar of Nemelex Xobeh.
  1079 | D:2      | Found a snail-covered altar of Cheibriados.
  1225 | D:1      | Noticed Natasha
  1234 | D:1      | Killed Natasha
  1235 | D:1      | Reached skill level 1 in Dodging
  1235 | D:1      | Reached XP level 5. HP: 32/32 MP: 5/5
  1395 | D:1      | Noticed Natasha
  1402 | D:1      | Killed Natasha
  1403 | D:1      | Reached skill level 4 in Maces & Flails
  1815 | D:3      | Reached XP level 6. HP: 37/37 MP: 6/6
  2085 | D:5      | Entered Level 5 of the Dungeon
  2337 | D:4      | Reached skill level 5 in Maces & Flails
  2401 | D:4      | Reached skill level 1 in Throwing
  2401 | D:4      | Reached XP level 7. HP: 27/42 MP: 7/7
  2458 | D:4      | Found Emmusaot's Gadget Emporium.
  2517 | D:4      | Reached skill level 6 in Maces & Flails
  2692 | D:4      | Found a glowing golden altar of the Shining One.
  3300 | D:5      | Found an ancient bone altar of Kikubaaqudgha.
  3318 | D:5      | Reached skill level 5 in Shields
  3420 | D:5      | Found a burning altar of Makhleb.
  3478 | D:5      | Found a broken altar of Ashenzari.
  3702 | D:5      | Found a staircase to the Ecumenical Temple.
  3729 | Temple   | Entered the Ecumenical Temple
  3736 | Temple   | Became a worshipper of Warmaster Okawaru
  3977 | D:6      | Reached XP level 8. HP: 38/48 MP: 8/8
  3988 | D:6      | Found Wagouruuts's Lightly-Used Armoury.
  4004 | D:6      | Reached skill level 7 in Maces & Flails
  4212 | D:6      | Reached * piety under Okawaru
  4250 | D:6      | Reached skill level 8 in Maces & Flails
  4746 | D:6      | Reached XP level 9. HP: 52/52 MP: 9/9
  4893 | D:7      | Reached skill level 9 in Maces & Flails
  5027 | D:7      | Noticed Duvessa
  5027 | D:7      | Noticed Dowan
  5042 | D:7      | Killed Duvessa
  5053 | D:7      | Killed Dowan
  5054 | D:7      | Reached skill level 5 in Fighting
  5101 | D:7      | Found a basalt altar of Yredelemnul.
  5242 | D:7      | Reached skill level 5 in Armour
  5291 | D:7      | Reached ** piety under Okawaru
  5402 | D:7      | Found a stormy altar of Qazlal.
  5554 | D:8      | Noticed Harold
  5678 | D:7      | Killed Harold
  5679 | D:7      | Reached skill level 10 in Maces & Flails
  5679 | D:7      | Reached XP level 10. HP: 17/59 MP: 8/10
  6040 | D:8      | Reached *** piety under Okawaru
  6259 | D:8      | Found Oteptept's Magic Scroll Emporium.
  6274 | D:8      | Bought a scroll of identify for 26 gold pieces
  6274 | D:8      | Bought a scroll of blinking for 97 gold pieces
  6274 | D:8      | Bought 2 scrolls of fear for 91 gold pieces
  6323 | D:8      | Noticed Prince Ribbit
  6341 | D:8      | Killed Prince Ribbit
  6476 | D:8      | Found a runed translucent door.
  6653 | D:8      | Found a roughly hewn altar of Beogh.
  7003 | D:9      | Reached **** piety under Okawaru
  7030 | D:9      | Reached skill level 11 in Maces & Flails
  7124 | D:9      | Found a white marble altar of Elyvilon.
  7207 | D:9      | Found Heimpano's Antique Armour Boutique.
  7289 | D:9      | Reached XP level 11. HP: 59/64 MP: 11/11
  7803 | D:9      | Reached skill level 5 in Throwing
  8022 | D:10     | Entered Level 10 of the Dungeon
  8435 | D:10     | Reached ***** piety under Okawaru
  8504 | D:10     | Reached skill level 12 in Maces & Flails
  8730 | D:10     | Killed an unseen horror
  8754 | D:10     | Found a staircase to the Lair.
  8892 | D:10     | Found a staircase to the Orcish Mines.
  9033 | D:10     | Noticed Gastronok
  9066 | D:10     | Killed Gastronok
  9066 | D:10     | Received a gift from Okawaru
  9194 | Lair:1   | Entered Level 1 of the Lair of Beasts
  9786 | Lair:1   | Reached skill level 10 in Shields
  9786 | Lair:1   | Reached XP level 12. HP: 22/72 MP: 12/12
  9887 | Lair:2   | Found a glowing golden altar of the Shining One.
  9907 | Lair:2   | Received a gift from Okawaru
  9908 | Lair:2   | Reached skill level 13 in Maces & Flails
  9919 | Lair:2   | Identified a +2 pair of boots of running (Okawaru gifted it
                  | to you on level 2 of the Lair of Beasts)
  9942 | Lair:2   | Reached skill level 1 in Invocations
  9988 | Lair:2   | Found a hole to the Spider Nest.
 10317 | Lair:2   | Reached skill level 1 in Evocations
 10547 | Lair:2   | Learned a level 1 spell: Apportation
 10997 | Lair:3   | Noticed kalagan's ghost (journeyman DECj)
 10998 | Lair:3   | Found a runed translucent door.
 11076 | Lair:3   | Reached skill level 14 in Maces & Flails
 11078 | Lair:3   | Found a staircase to the Swamp.
 11179 | Lair:3   | Found a dark tunnel.
 11189 | Volcano  | Entered a volcano
 11267 | Volcano  | Reached XP level 13. HP: 60/78 MP: 5/13
 11483 | Volcano  | Found a burning altar of Makhleb.
 11937 | Lair:3   | Found a blossoming altar of Fedhas.
 12171 | Lair:3   | Killed kalagan's ghost
 12528 | Lair:4   | Received a gift from Okawaru
 12574 | Lair:4   | Reached ****** piety under Okawaru
 13034 | Lair:4   | Received a gift from Okawaru
 13788 | Lair:5   | Reached skill level 10 in Fighting
 14139 | Lair:6   | Entered Level 6 of the Lair of Beasts
 14211 | Lair:6   | Gained mutation: Your large and strong wings let you fly
                  | indefinitely. [Gargoyle growth]
 14211 | Lair:6   | Reached XP level 14. HP: 48/88 MP: 12/16
 14815 | Lair:6   | Received a gift from Okawaru
 14992 | Lair:6   | Received a gift from Okawaru
 15022 | Lair:6   | Got a wizard robe {god gift}
 15033 | Lair:6   | Identified the +0 robe "Jaxih" {rF+ rCorr Dex+4} (Okawaru
                  | gifted it to you on level 6 of the Lair of Beasts)
 15060 | Lair:6   | Found a staircase to the Slime Pits.
 15060 | Lair:6   | Found a viscous altar of Jiyva.
 15202 | Lair:6   | Reached skill level 15 in Maces & Flails
 16165 | Orc:1    | Entered Level 1 of the Orcish Mines
 16165 | Orc:1    | Found a transporter.
 16450 | Orc:1    | Paralysed by an orc sorcerer for 4 turns
 16551 | Orc:1    | Found a transporter.
 16556 | Orc:1    | Noticed Voldus's ghost (novice OpFi)
 16957 | Orc:2    | Entered Level 2 of the Orcish Mines
 16973 | Orc:1    | Received a gift from Okawaru
 16974 | Orc:1    | Got a topaz-encrusted scale mail {god gift}
 16985 | Orc:1    | Identified the +1 scale mail of Daffodils {rF+ Will+ Dex-5
                  | Slay+3} (Okawaru gifted it to you on level 1 of the Orcish
                  | Mines)
 17041 | Orc:2    | Found a staircase to the Elven Halls.
 17307 | Orc:2    | Found a bloodstained altar of Trog.
 17430 | Orc:2    | Reached XP level 15. HP: 97/97 MP: 17/17
 17578 | Orc:2    | Noticed an orc warlord
 17666 | Orc:1    | Killed an orc warlord
 17867 | Orc:1    | Slain by an orc knight

Illustrated notes

Levels and vault maps discovered:
D:1:      lightli_arrival_quake, layout_basic, minivault_25,
          minmay_misc_feat_roman, moated_statue, minmay_tromino_v7
D:2:      layout_rooms, general_overflow_altar, grunt_temple_overflow_open,
          uniq_natasha
D:3:      layout_rooms
D:4:      layout_layer_cave, marbit_many_paths, serial_shops,
          nicolae_shop_behind_doors
D:5:      layout_cave_pools, overflow_temple_1_default, lemuel_doored_altar,
          nicolae_ashenzari_panopticon, minmay_temple_entry_fiery,
          serial_column_ruins, column_ruins_circle_large,
          column_ruins_open_tiny, column_ruins_open_tiny,
          column_ruins_columns_corner, column_ruins_grid_1
D:6:      layout_loops_ring, minmay_shop_damaged
D:7:      layout_gridville, old_standard_altar, kennysheep_mini_moat,
          minmay_misc_feat_secret_circle, uniq_duvessa
D:8:      layout_loops_ring, serial_shops,
          nicolae_shop_competitors_out_of_business, lightli_church_of_beogh,
          uniq_harold, uniq_prince_ribbit1
D:9:      layout_basic, lemuel_round_altar, serial_shops, shop, minivault_5,
          st_stairs_12
D:10:     layout_roguey, david_lair_generic, orc_0_dummy, serial_corexii_hall,
          corexii_hall_statues_u, corexii_hall_statues_i, uniq_gastronok
Temple:   nicolae_temple_no_exploring_needed
Lair:1:   layout_loops_ring, st_stairs_12
Lair:2:   layout_hall_layers, spider_nest_entry_rubble, lemuel_oklob_altar,
          grunt_megastairs_3, infiniplex_staircase_pool_2
Lair:3:   layout_chaotic_city, nicolae_swamp_entry_splash_gauntlet,
          hellmonk_ghost_happy_afterlife, enter_volcano_2, tgw_fedhas
Lair:4:   layout_loops_ring, minmay_lindwurm_lava
Lair:5:   layout_cellular_growth, worms_lemuel, lemuel_fruit_fields
Lair:6:   evilmike_catoblepas_cave, layout_cave_pods, slime_altar_1,
          grunt_forest_large_clearing_hut, uniq_rupert
Orc:1:    layout_caves, gammafunk_ghost_stat_death, nicolae_orc_lava_room
Orc:2:    grunt_orc_cross, layout_diamond_mine, nicolae_orc_rockfall,
          bloody_trog

Skill      XL: |  1  2  3  4  5  6  7  8  9 10 11 12 13 14 15 |
---------------+----------------------------------------------+-----
Maces & Flails | 3 4 5 6 8 10 11 12 14 15 | 15.3
Shields        | 4 5 6 8 9 10 11 12 13 | 13.8
Dodging        | 1 2 |  2.5
Throwing       | 1 2 3 4 5 6 7 |  7.7
Fighting       | 4 5 7 8 10 12 | 12.6
Armour         | 4 5 6 7 8 9 |  9.9
Invocations    | 1 2 3 |  3.0
Evocations     | 1 |  1.4

Action                   |  1- 3 |  4- 6 |  7- 9 | 10-12 | 13-15 || total
-------------------------+-------+-------+-------+-------+-------++-------
Melee: Flail             |   104 |   258 |   440 |  1053 |  1570 ||  3425
Throw: Stone             |     5 |       |       |       |       ||     5
       Boomerang         |     2 |    19 |    10 |    37 |    25 ||    93
       Dart              |       |     6 |    87 |    73 |   127 ||   293
       Javelin           |       |       |     3 |     9 |     4 ||    16
Invok: Heroism           |       |       |     2 |     9 |    15 ||    26
       Finesse           |       |       |       |     2 |     5 ||     7
 Abil: Fly               |       |       |       |       |     1 ||     1
Evoke: Wand              |       |       |       |    21 |     4 ||    25
       Condenser vane    |       |       |       |       |     1 ||     1
  Use: Scroll            |       |     5 |     9 |    13 |     1 ||    28
       Potion            |       |       |     1 |     1 |     4 ||     6
 Stab: Paralysed         |       |       |       |     8 |       ||     8
Armor: Scale mail        |    36 |    90 |       |       |    48 ||   174
       Chain mail        |       |    16 |       |       |       ||    16
       Plate armour      |       |    39 |   188 |   708 |   678 ||  1613
Dodge: Dodged            |    20 |    42 |    68 |   189 |   340 ||   659
Block: Kite shield       |    81 |   190 |   335 |   509 |   849 ||  1964
       Reflection        |     4 |     8 |       |       |       ||    12
